 Dungeon Crawl Stone Soup version 0.18.1-48-g4cf74bf (webtiles) character file.

13436 Heedrag the Destroyer (level 11, -2/64 HPs)
             Began as a Deep Elf Conjurer on Aug 29, 2016.
             Was a High Priest of Vehumet.
             Slain by a manticore (13 damage)
             ... on level 12 of the Dungeon.
             The game lasted 00:36:20 (13240 turns).

Heedrag the Destroyer (Deep Elf Conjurer)          Turns: 13240, Time: 00:36:21

Health: -2/64      AC:  3    Str:  8    XL:     11   Next: 75%
Magic:  2/28       EV: 18    Int: 21    God:    Vehumet [*****.]
Gold:   715        SH:  0    Dex: 17    Spells: 4 memorised, 17 levels left

rFire  . . .     SeeInvis +     s - staff of energy
rCold  . . .     Gourm    .     a - +0 robe
rNeg   . . .     Faith    +     (no shield)
rPois  +         Spirit   .     p - +0 helmet
rElec  +         Dismiss  .     (no cloak)
rCorr  .         Reflect  .     (no gloves)
SustAt .         Harm     .     (no boots)
MR     +....                    R - amulet of faith
Stlth  ++........               K - ring of see invisible
                                P - ring of poison resistance

@: manticore barbs, somewhat resistant to hostile enchantments, unstealthy
A: fangs 1, hooves 1, agile 1, electricity resistance, wild magic 1
a: Renounce Religion


You were on level 12 of the Dungeon.
You worshipped Vehumet.
Vehumet was extremely pleased with you.
You were hungry.

You visited 2 branches of the dungeon, and saw 14 of its levels.

You collected 727 gold pieces.
You spent 12 gold pieces at shops.

Inventory:

Hand Weapons
 k - a +0 dagger
 C - a +0 dagger of protection
 Y - a +2 short sword of draining
Armour
 a - a +0 robe (worn)
 e - a fire dragon hide
 p - a +0 helmet (worn)
 E - a +0 large shield
Magical Staves
 s - an uncursed staff of energy (weapon)
Jewellery
 K - a ring of see invisible (right hand)
 L - an uncursed ring of wizardry
 O - a +4 amulet of reflection
 P - a ring of poison resistance (left hand)
 R - an amulet of faith (around neck)
Wands
 o - a wand of polymorph (12/24)
 u - a wand of flame (25/48)
 H - a wand of flame (34/48)
 S - a wand of lightning (8/15)
 Z - a wand of flame (0/48)
Scrolls
 g - 10 scrolls of identify {unknown}
 i - 4 scrolls of immolation {unknown}
 j - 2 scrolls of noise {unknown}
 m - a scroll of blinking {unknown}
 q - 2 scrolls of amnesia {unknown}
 v - 7 scrolls of teleportation {unknown}
 w - a scroll of fear {unknown}
 y - 3 scrolls of enchant weapon {unknown}
 D - 6 scrolls of remove curse {unknown}
 I - 3 scrolls of enchant armour {unknown}
 N - 3 scrolls of fog {unknown}
 T - 2 scrolls of recharging {unknown}
 U - 2 scrolls of magic mapping {unknown}
Potions
 f - a potion of haste {unknown}
 h - a potion of resistance {unknown}
 l - 2 potions of brilliance {unknown}
 n - a potion of might {unknown}
 r - 2 potions of cure mutation {unknown}
 x - 4 potions of heal wounds {unknown}
 A - a potion of cancellation {unknown}
 F - 3 potions of degeneration
 G - 4 potions of curing
 J - a potion of experience {unknown}
 M - 4 potions of lignification {unknown}
 Q - a potion of beneficial mutation {unknown}
 V - a potion of mutation {unknown}
 X - a potion of flight {unknown}
Books
 b - a book of Conjurations

   Spells                             Type                      Level
   a - Magic Dart                     Conjuration                  1
   b - Searing Ray                    Conjuration                  2
   c - Dazzling Spray                 Conjuration/Hexes            3
   d - Fulminant Prism                Conjuration/Hexes            4
   e - Iskenderun's Mystic Blast      Conjuration                  4
   f - Iskenderun's Battlesphere      Conjuration/Charms           5
Comestibles
 c - 3 bread rations
 d - 6 meat rations
 t - 3 beef jerkies
 z - 3 fruits
 B - 2 slices of pizza
 W - 10 chunks of flesh


   Skills:
 * Level 6.1 Fighting
 + Level 8.0 Dodging
 - Level 2.4 Stealth
 + Level 11.5 Spellcasting
 * Level 13.4 Conjurations
 - Level 10.0 Charms


You had 17 spell levels left.
You knew the following spells:

 Your Spells              Type           Power        Failure   Level  Hunger
a - Magic Dart            Conj           ####         1%          1    None
b - Iskenderun's Mystic   Conj           ######..     1%          4    None
c - Iskenderun's Battles  Conj/Chrm      ######..     1%          5    None
d - Bolt of Cold          Conj/Ice       ######....   24%         6    None


Dungeon Overview and Level Annotations

Branches:
Dungeon (13/15)            Temple (1/1) D:7            Lair (0/8) D:11
    Orc (0/2) D:10
 Vaults: D:13-14

Altars:
Ashenzari
Cheibriados
Dithmenos
Elyvilon
Fedhas
Gozag
Kikubaaqudgha
Makhleb
Nemelex Xobeh
Okawaru
Pakellas
Qazlal
Ru
Sif Muna
Trog
Vehumet
Xom
Yredelemnul
Zin
The Shining One

Shops:
D:4 ![   D:6 *=!*!   D:8 !

Annotations:
D:4 ThereIsNoGod's ghost, novice MiGl
D:8 exclusion: oklob plant
D:12 exclusion: ice statue


Innate Abilities, Weirdness & Mutations

You have very sharp teeth.
You have large cloven feet.
You are agile. (Dex +2)
You are resistant to electric shocks.
Your spells are a little harder to cast, but a little more powerful.


Message History

* * * LOW HITPOINT WARNIN'
* * * Castin': Magic Dart Confirm wit' . or Enter, or press ? or * ta list all spells.
Okay, than.
Evoke which item? (* ta show all) (? fer menu, 'sc ta quit) Zappin':
Z - a wand o' flame {zapped: 7} (will waste charges)
Press: ? - help, Shift-Dir - straight line, f/p - manticore
Aim: a manticore (almost dead) Nuthin' appears ta happ'n.
Tha manticore bites ye but does nay damage.
Tha manticore closely misses ye.
Tha manticore misses ye.
Evoke which item? (* ta show all) (? fer menu, 'sc ta quit) Zappin':
H - a wand o' flame (will waste charges)
Press: ? - help, Shift-Dir - straight line, f/p - manticore
Aim: a manticore (almost dead) Tha puff o' flame hits tha manticore.
Tha manticore appears unharmed.
Tha manticore be almost dead.
Evokin' 'tis parti'lly-identified wand wasted a few charges.
Tha manticore bites ye!
Ye die...

......
.....#.##.###......
......##..
..#...........>.
.....#..#..W
#.######......
....#....#. .#.#
#......
#..#.....C#..#.#
####### #........#
#.# #........# #.#
#####..######.#
.......(YH@....#
################


You could see a manticore and a sky beast.

Vanquished Creatures
  2 hill giants
  An unseen horror (D:13)
  Pikel (D:5)
  A manticore (D:12)
  A cyclops (D:12)
  A deep elf mage (D:13)
  An ugly thing (D:11)
  A centaur zombie (D:13)
  Joseph (D:9)
  A komodo dragon (D:12)
  Prince Ribbit (D:6)
  A two-headed ogre (D:9)
  A vampire (D:10)
  A wraith (D:12)
  6 yaks (D:10)
  The ghost of MarcHammon the Shield-Bearer, an amateur MiFi of Vehumet (D:7)
  4 hungry ghosts
  A steam dragon (D:11)
  2 hippogriffs
  A warg (D:12)
  A vampire mosquito (D:12)
  A water moccasin (D:9)
  Duvessa (D:7)
  4 ice beasts
  A slave (D:5)
  4 sky beasts
  2 orc warriors
  3 phantoms
  A black bear (D:7)
  3 necrophages
  4 ogres
  4 centaurs
  A big kobold (D:11)
  4 giant frogs
  Dowan (D:7)
  4 scorpions
  3 troll zombies (D:10)
  10 killer bees
  5 wights (D:8)
  7 crimson imps
  7 jellies
  7 hounds
  3 giant frog skeletons
  11 orc priests
  5 orc wizards
  4 centaur skeletons
  Ijyb (D:2)
  Natasha (thrice) (D:2)
  7 iguanas
  9 worker ants
  A killer bee zombie (D:9)
  3 ogre zombies (D:10)
  2 hound zombies
  3 hound skeletons
  11 adders
  8 gnolls
  A shadow imp (D:8)
  11 white imps
  15 oozes
  2 adder skeletons
  An adder zombie (D:7)
  3 worms
  2 dart slugs
  7 giant geckos
  34 orcs
  8 bats
  A giant cockroach (D:2)
  11 goblins
  7 hobgoblins
  10 jackals
  15 kobolds
  5 quokkas
  3 ball pythons
  A ball python skeleton (D:5)
  5 giant newts
  A goblin skeleton (D:10)
  2 goblin zombies (D:10)
  A hobgoblin skeleton (D:10)
  3 hobgoblin zombies
  4 orc skeletons (D:10)
  8 orc zombies (D:10)
  14 rats
354 creatures vanquished.

Vanquished Creatures (others)
  2 slaves (D:6)
  An adder skeleton (D:6)
  2 orcs (D:6)
  7 fungi (D:8)
12 creatures vanquished.

Grand Total: 366 creatures vanquished

Notes
Turn   | Place    | Note
--------------------------------------------------------------
     0 | D:1      | Heedrag the Deep Elf Conjurer began the quest for the Orb.
     0 | D:1      | Reached XP level 1. HP: 10/10 MP: 6/6
   271 | D:1      | Reached XP level 2. HP: 15/15 MP: 0/8
   476 | D:1      | Reached skill level 5 in Conjurations
   606 | D:1      | Reached XP level 3. HP: 19/19 MP: 5/10
  1072 | D:2      | Noticed Natasha
  1106 | D:2      | Killed Natasha
  1106 | D:2      | Reached XP level 4. HP: 24/24 MP: 7/12
  1113 | D:2      | Learned a level 4 spell: Iskenderun's Mystic Blast
  1134 | D:2      | Noticed Natasha
  1139 | D:2      | Killed Natasha
  1250 | D:2      | Noticed Natasha
  1257 | D:2      | Killed Natasha
  1257 | D:2      | Reached skill level 6 in Conjurations
  1446 | D:2      | Reached XP level 5. HP: 26/28 MP: 9/13
  1503 | D:2      | Learned a level 5 spell: Iskenderun's Battlesphere
  1717 | D:2      | Noticed Ijyb
  1801 | D:2      | Killed Ijyb
  1801 | D:2      | Reached skill level 1 in Charms
  2321 | D:3      | Found a deep blue altar of Sif Muna.
  2718 | D:3      | Reached skill level 5 in Spellcasting
  2718 | D:3      | Reached skill level 7 in Conjurations
  2718 | D:3      | Reached XP level 6. HP: 32/32 MP: 6/15
  2916 | D:4      | Noticed ThereIsNoGod's ghost (novice MiGl)
  3025 | D:4      | Found Bimamug's Distillery.
  3033 | D:4      | Bought a potion of degeneration for 12 gold pieces
  3426 | D:4      | Reached XP level 7. HP: 20/36 MP: 0/17
  3840 | D:4      | Found Fifokhleo's Antique Armour Emporium.
  3915 | D:4      | Reached skill level 8 in Conjurations
  4730 | D:4      | Found an opulent altar of Gozag.
  4825 | D:3      | Reached skill level 5 in Charms
  4909 | D:5      | Entered Level 5 of the Dungeon
  5037 | D:5      | Reached XP level 8. HP: 41/41 MP: 11/20
  5237 | D:5      | Found a shimmering altar of Xom.
  5237 | D:5      | Found a glowing silver altar of Zin.
  5238 | D:5      | Found a blossoming altar of Fedhas.
  5261 | D:5      | You fall through a shaft for 2 floors!
  5274 | D:7      | Found a white marble altar of Elyvilon.
  5297 | D:7      | Reached skill level 9 in Conjurations
  5730 | D:6      | Found Biwkoch's General Store.
  5773 | D:7      | Found a staircase to the Ecumenical Temple.
  5781 | Temple   | Entered the Ecumenical Temple
  5835 | Temple   | Became a worshipper of Vehumet
  5902 | D:7      | Gained mutation: You have very sharp teeth. [mutagenic meat]
  5903 | D:7      | Gained mutation: Your spells are a little harder to cast, but a little more powerful. [mutagenic meat]
  5904 | D:7      | Gained mutation: You are agile. (Dex +2) [mutagenic meat]
  5905 | D:7      | Gained mutation: Scrolls take you a little longer to read. [mutagenic meat]
  5906 | D:7      | Lost mutation: Scrolls take you a little longer to read. [mutagenic meat]
  6095 | D:7      | Noticed Dowan
  6106 | D:7      | Noticed Duvessa
  6113 | D:7      | Killed Duvessa
  6119 | D:7      | Killed Dowan
  6119 | D:7      | Reached skill level 10 in Conjurations
  6192 | D:7      | Noticed MarcHammon's ghost (amateur MiFi)
  6198 | D:7      | Killed MarcHammon's ghost
  6289 | D:7      | Reached skill level 1 in Fighting
  6289 | D:7      | Reached XP level 9. HP: 46/47 MP: 4/23
  6579 | D:6      | Gained mutation: You have large cloven feet. [mutagenic meat]
  6580 | D:6      | Gained mutation: You are resistant to electric shocks. [mutagenic meat]
  7114 | D:6      | Noticed Pikel
  7121 | D:5      | Killed Pikel
  7287 | D:6      | Found Liseuhaf's Distillery.
  7290 | D:6      | Reached * piety under Vehumet
  7290 | D:6      | Offered knowledge of Freeze by Vehumet.
  7317 | D:6      | Noticed Prince Ribbit
  7321 | D:6      | Killed Prince Ribbit
  7321 | D:6      | Reached skill level 11 in Conjurations
  7600 | D:6      | Found Wepreir's Jewellery Boutique.
  7612 | D:6      | Found a sacrificial altar of Ru.
  7627 | D:6      | Found Vetomete's Assorted Antiques.
  7632 | D:6      | Found Caemot's Distillery.
  7913 | D:7      | Reached XP level 10. HP: 54/54 MP: 12/25
  8583 | D:8      | Offered knowledge of Throw Frost by Vehumet.
  8583 | D:8      | Reached skill level 5 in Dodging
  8776 | D:8      | Reached ** piety under Vehumet
  8778 | D:8      | Found Benunwi's Distillery.
  9048 | D:8      | Noticed an oklob plant
  9298 | D:8      | Offered knowledge of Mephitic Cloud by Vehumet.
  9649 | D:9      | Found an oddly glowing altar of Pakellas.
  9745 | D:9      | Noticed Joseph
  9749 | D:9      | Killed Joseph
  9749 | D:9      | Reached skill level 10 in Spellcasting
  9758 | D:9      | Reached skill level 12 in Conjurations
  9758 | D:9      | Reached skill level 10 in Charms
 10362 | D:10     | Entered Level 10 of the Dungeon
 10373 | D:10     | Reached *** piety under Vehumet
 10375 | D:10     | Noticed a hill giant
 10378 | D:10     | Killed a hill giant
 10612 | D:10     | Offered knowledge of Sticky Flame by Vehumet.
 10883 | D:10     | Found a staircase to the Orcish Mines.
 10927 | D:10     | Reached **** piety under Vehumet
 11216 | D:10     | Reached XP level 11. HP: 61/61 MP: 17/27
 11282 | D:10     | Offered knowledge of Irradiate by Vehumet.
 12208 | D:11     | You fall through a shaft for 2 floors!
 12208 | D:13     | Found a frozen archway.
 12221 | D:13     | Noticed a deep elf mage
 12222 | D:13     | Killed a deep elf mage
 12224 | D:13     | Reached ***** piety under Vehumet
 12227 | D:13     | Offered knowledge of Bolt of Cold by Vehumet.
 12229 | D:13     | Noticed an unseen horror
 12234 | D:13     | Killed an unseen horror
 12234 | D:13     | Reached skill level 5 in Fighting
 12494 | D:13     | Reached skill level 13 in Conjurations
 12499 | D:13     | Noticed a vault guard
 12615 | D:11     | Found a staircase to the Lair.
 12615 | D:11     | Noticed a cyan ugly thing
 12862 | D:11     | Noticed a hill giant
 12868 | D:11     | Killed a hill giant
 12929 | D:11     | Killed a cyan ugly thing
 13147 | D:13     | Noticed a vault guard
 13147 | D:13     | Noticed a vault guard
 13214 | D:12     | Learned a level 6 spell: Bolt of Cold
 13240 | D:12     | Slain by a manticore

Skill      XL: |  1  2  3  4  5  6  7  8  9 10 11 |
---------------+----------------------------------+-----
Conjurations   | 5 6 7 8 10 11 12 13 | 13.4
Spellcasting   | 4 5 6 8 9 10 11 | 11.5
Charms         | 2 3 5 7 9 10 | 10.0
Fighting       | 1 2 4 6 |  6.1
Dodging        | 4 6 8 |  8.0
Stealth        | |  2.4

Action                   |  1- 3 |  4- 6 |  7- 9 | 10-12 || total
-------------------------+-------+-------+-------+-------++-------
Melee: Staff             |       |       |     1 |       ||     1
 Cast: Magic Dart        |    61 |   133 |   219 |   296 ||   709
       Iskenderun's Myst |       |    18 |    13 |    78 ||   109
       Iskenderun's Batt |       |       |    31 |    48 ||    79
Evoke: Wand              |       |       |       |     5 ||     5
  Eat: Chunk             |       |     8 |    20 |    15 ||    43
       Beef jerky        |       |       |       |     1 ||     1
Armor: Robe              |     3 |     3 |    13 |    10 ||    29
Dodge: Dodged            |     7 |    17 |    63 |    63 ||   150
Block: Other             |       |       |       |     2 ||     2
